 Seeded DCSS version 0.30.1-11-g7821555f0a (webtiles) character file.

Game seed: 6245884229887761738 (custom seed)

14 Psyclone the Conjurer (level 2, 15/15 HPs)
             Began as a Deep Elf Conjurer on Nov 9, 2023.
             Was an Initiate of Gozag.
             Quit the game on level 1 of the Dungeon.
             The game lasted 00:00:56 (289 turns).

Psyclone the Conjurer (Deep Elf Conjurer)            Turns: 289, Time: 00:00:56

Health: 15/15      AC:  2    Str:  4    XL:     2   Next: 27%
Magic:  4/8        EV: 12    Int: 22    God:    Gozag
Gold:   31         SH:  0    Dex: 13    Spells: 4/7 levels left

rFire   . . .        (no weapon)
rCold   . . .        (no shield)
rNeg    . . .        a - +0 robe
rPois   .            (no helmet)
rElec   .            (no cloak)
rCorr   .            (no gloves)
SInv    .            (no boots)
Will    .....        (no amulet)
Stlth   ++           (no ring)
HPRegen 0.22/turn    (no ring)
MPRegen 0.11/turn

%: no passive effects
@: no status effects
A: no striking features
a: Renounce Religion, Potion Petition, Call Merchant, Bribe Branch


You were on level 1 of the Dungeon.
You worshipped Gozag.
Gozag was noncommittal.
You visited 1 branch of the dungeon, and saw 2 of its levels.

You collected 31 gold pieces.

Inventory:

Armour
 a - a +0 robe (worn)
Jewellery
 c - an amulet of magic regeneration
Scrolls
 d - 3 scrolls of identify {unknown}
Potions
 b - a potion of magic


   Skills:
 - Level 2.4 Dodging
 - Level 2.4 Stealth
 + Level 3.4 Spellcasting
 * Level 4.9 Conjurations


You had 4 spell levels left.
You knew the following spells:

 Your Spells              Type           Power      Damage    Failure   Level
a - Magic Dart            Conj           100%       1d8       1%          1
b - Searing Ray           Conj           50%        2d6       2%          2

Your spell library contained the following spells:

 Spells                   Type           Power      Damage    Failure   Level
 Sandblast                Erth           6%         2d5       12%         1
 Dazzling Flash           Conj/Hex       28%        N/A       13%         3
 Stone Arrow              Conj/Erth      28%        3d8       13%         3
 Passwall                 Tmut/Erth      2%         N/A       19%         2
 Fulminant Prism          Conj/Hex       7%         3d6       41%         4
 Iskenderun's Mystic Bla  Conj/Tloc      14%        2d5       41%         4


Dungeon Overview and Level Annotations

Branches:
Dungeon (2/15) Zot: 11711

Altars:
Gozag


Message History

Casting: Magic Dart (safe; 1% risk of failure)
Confirm with . or Enter, or press ? or * to list all spells.
Aiming: Magic Dart (safe; 1% risk of failure)
Press: ? - help, Shift-Dir - straight line, f/p - quokka
Aim: a quokka (lightly wounded, 100% to hit)
The magic dart hits the quokka.
The quokka is heavily wounded.
The quokka bites you.
You now have 3/8 mp.
Casting: Magic Dart (safe; 1% risk of failure)
Confirm with . or Enter, or press ? or * to list all spells.
Aiming: Magic Dart (safe; 1% risk of failure)
Press: ? - help, Shift-Dir - straight line, f/p - quokka
Aim: a quokka (heavily wounded, 100% to hit)
The magic dart hits the quokka.
The quokka is almost dead.
The quokka bites you.
You take 2 damage, and have 12/15 hp.
You now have 2/8 mp.
Casting: Magic Dart (safe; 1% risk of failure)
Confirm with . or Enter, or press ? or * to list all spells.
Aiming: Magic Dart (safe; 1% risk of failure)
Press: ? - help, Shift-Dir - straight line, f/p - quokka
Aim: a quokka (almost dead, 100% to hit)
The magic dart hits the quokka.
You kill the quokka!
Your magical contamination has completely faded away.
You now have 1/8 mp.
Casting: Magic Dart (safe; 1% risk of failure)
Confirm with . or Enter, or press ? or * to list all spells.
You can't see any susceptible monsters within range! (Use Z to cast anyway.) Unknown command.
You now have 25 gold pieces (gained 7).
You now have 31 gold pieces (gained 6).
Health restored: 15
Found a book of Geomancy.
You pick up a book of Geomancy and begin reading...
You add the spells Sandblast, Passwall and Stone Arrow to your library.
Unknown command.
Unknown command.
Are you sure you want to abandon this character and quit the game? (Confirm with "yes".)

..........>....#
...............#
...............#
###............#
###..........#
##........##
#..........#
#..........#
#.........@#
#..........#
..........#
#........##
##......##
########


There were no monsters in sight!

Vanquished Creatures
  2 bats (D:1)
  4 endoplasms
  A hobgoblin (D:2)
  2 quokkas (D:1)
  A kobold (D:1)
  2 rats (D:1)
12 creatures vanquished.

Notes
Turn   | Place    | Note
-------+----------+-------------------------------------------
     0 | D:1      | Psyclone the Deep Elf Conjurer began the quest for the Orb.
     0 | D:1      | Reached XP level 1. HP: 10/10 MP: 6/6
   122 | D:1      | Found a faded altar of an unknown god.
   138 | D:1      | Prayed at the altar of an unknown god.
   138 | D:1      | Became a worshipper of Gozag Ym Sagoz the Greedy
   145 | D:1      | Reached XP level 2. HP: 15/15 MP: 6/8
   148 | D:1      | Learned a level 2 spell: Searing Ray
   289 | D:1      | Quit the game

Illustrated notes

Levels and vault maps discovered:
D:1:      dpeg_arrival_arbitrary_a, layout_rooms,
          shapermc_ecumenical_altar_mp_highgroup, hangedman_abyss_or_decor_stabs
D:2:      layout_loops_cross, uniq_natasha

Action                     || total
---------------------------++-------
   Cast: Magic Dart        ||    18
         Searing Ray       ||     1
  Dodge: Dodged            ||     5
